 Dungeon Crawl Stone Soup version 0.27-a0-1391-g48c30b3128 (webtiles) character file.

Game seed: 10470337476821545838

5 Nattfarinn the Chopper (level 1, 0/20 HPs)
             Began as a Hill Orc Berserker on July 1, 2021.
             Was a Follower of Trog.
             Slain by a quokka (5 damage)
             ... on level 1 of the Dungeon.
             The game lasted 00:00:23 (365 turns).

Nattfarinn the Chopper (Hill Orc Berserker)          Turns: 365, Time: 00:00:24

Health: 0/20       AC:  2    Str: 19    XL:     1   Next: 80%
Magic:  1/1        EV: 12    Int:  7    God:    Trog [*.....]
Gold:   0          SH:  0    Dex: 10    Spells: 0/0 levels left

rFire    . . .     SeeInvis .   a - +0 hand axe
rCold    . . .     Faith    .   (no shield)
rNeg     . . .     Spirit   .   b - +0 animal skin
rPois    .         Reflect  .   (no helmet)
rElec    .         Harm     .   (no cloak)
rCorr    .         Rampage  .   (no gloves)
Will     .....                  (no boots)
Stlth    +.........             (no amulet)
HPRegen  0.06/turn              (no ring)
MPRegen  0.07/turn              (no ring)

@: no status effects
A: no striking features
a: Renounce Religion, Berserk


You were on level 1 of the Dungeon.
You worshipped Trog.
Trog was aware of your devotion.
You visited 1 branch of the dungeon, and saw 1 of its levels.

Inventory:

Hand Weapons
 a - a +0 hand axe (weapon)
Armour
 b - a +0 animal skin (worn)
Scrolls
 d - a scroll of identify {unknown}
 e - a scroll of noise {unknown}
 f - a scroll of magic mapping {unknown}
Potions
 c - a potion of attraction {unknown}


   Skills:
 + Level 3.7 Fighting
 * Level 4.2 Axes
 + Level 2.3 Armour
 + Level 1.6 Dodging


You couldn't memorise any spells.
You didn't know any spells.
Your spell library was empty.

Dungeon Overview and Level Annotations

Branches:
Dungeon (1/15)

Altars:


Message History

The ball python bites you but does no damage.
The ball python constricts you. The ball python closely misses you.
The ball python constricts you.
You closely miss the ball python. You miss the quokka. The quokka bites you.
The ball python bites you. The ball python constricts you.
You are too injured to fight recklessly!
You are too injured to fight recklessly!
You are too injured to fight recklessly!
You are too injured to fight recklessly!
You are too injured to fight recklessly!
You are too injured to fight recklessly!
You are too injured to fight recklessly!
You are too injured to fight recklessly!
You are too injured to fight recklessly!
You are too injured to fight recklessly!
You are too injured to fight recklessly!
You are too injured to fight recklessly!
You are too injured to fight recklessly!
You are too injured to fight recklessly!
You are too injured to fight recklessly!
You are too injured to fight recklessly!
You are too injured to fight recklessly!
You are too injured to fight recklessly!
You are too injured to fight recklessly!
You are too injured to fight recklessly!
You are too injured to fight recklessly!
You are too injured to fight recklessly!
You are too injured to fight recklessly!
You are too injured to fight recklessly!
You are too injured to fight recklessly!
You hit the ball python.
You kill the ball python!
Trog accepts your kill.
You hit the quokka. The quokka bites you.
* * * LOW HITPOINT WARNING * * *
The quokka misses you.
You closely miss the rat. You barely miss the quokka. The rat bites you.
* * * LOW HITPOINT WARNING * * *
The quokka bites you.
You die...

... ... # .. ... ## ###.
#.##.###.## .##...
#.........# .....
..#.......# #...##
..........# #....
#...rr..# ...# #....@..#
#.## #.......###### ...#
#............# .#.######
.#....###.###.#
##......##..>...#.......#
.###........###.#.......#
.....##..#.####.#.......#
...#####.#.# #..#.......#
#..# #.#.# #†.........#


You could see a quokka and a rat.

Vanquished Creatures
  An endoplasm (D:1)
  A hobgoblin (D:1)
  2 ball pythons (D:1)
  2 frilled lizards (D:1)
6 creatures vanquished.

Notes
Turn   | Place    | Note
-------+----------+-------------------------------------------
     0 | D:1      | Nattfarinn the Hill Orc Berserker began the quest for the
                  | Orb.
     0 | D:1      | Reached XP level 1. HP: 19/19 MP: 1/1
   365 | D:1      | Slain by a quokka

Illustrated notes

Levels and vault maps discovered:
D:1:      dpeg_arrival_boxes_within_box, layout_rooms,
          chequers_ecumenical_altar_simple, skrybe_limestone_x,
          minmay_misc_feat_square, minmay_crystal_room

Action                   || total
-------------------------++-------
Melee: Hand axe          ||    19
Armor: Animal skin       ||     3
Dodge: Dodged            ||    11

Table legend: (Time is in decaauts)
 A = Elapsed time spent in this place.
 B = Non-inter-level travel time spent in this place.
 C = Inter-level travel time spent in this place.
 D = Time resting spent in this place.
 E = Time spent auto-exploring this place.
 F = Levels seen in this place.
 G = Mean time per level.
                   A        B        C        D        E       F      G
               +--------+--------+--------+--------+--------+-----+--------+
         Total |    366 |    366 |      0 |      0 |    327 |   1 |  366.0 |
       Dungeon |    366 |    366 |      0 |      0 |    327 |   1 |  366.0 |
               +--------+--------+--------+--------+--------+-----+--------+

Top non-repeatable levels by time:
     D:1: 366 daAuts
